 Dungeon Sprint DCSS version 0.18.1-47-g9310371 (webtiles) character file.

304 rftp080 the Cruncher (level 6, 0/44 HPs)
             Began as a Gargoyle Gladiator on June 20, 2016.
             Was an Initiate of Makhleb.
             Slain by a gargoyle
             ... wielding a +0 flail
              (14 damage)
             ... in the Dungeon (Sprint IX: "|||||||||||||||||||||||||||||").
             The game lasted 00:01:40 (294 turns).

rftp080 the Cruncher (Gargoyle Gladiator)            Turns: 294, Time: 00:01:40

Health: 0/44       AC: 19    Str: 18    XL:     6   Next: 38%
Magic:  6/6        EV:  8    Int: 15    God:    Makhleb [......]
Gold:   0          SH:  0    Dex: 12    Spells: 0 memorised, 5 levels left

rFire  . . .     SeeInvis .     p - +0 lajatang
rCold  . . .     Gourm    .     s - +1 chain mail
rNeg   + . .     Faith    .     (shield currently unavailable)
rPois  ∞         Spirit   .     c - +0 helmet
rElec  +         Dismiss  .     r - +0 cloak
rCorr  .         Reflect  .     q - +0 pair of gloves
SustAt .         Harm     .     (no boots)
MR     .....     NoTele   +     (no amulet)
Stlth  ..........               u - +3 ring of intelligence
                                t - +3 ring of intelligence

@: very slightly contaminated, not resistant to hostile enchantments, extremely
unstealthy
A: negative energy resistance 1, electricity resistance, unbreathing,
petrification resistance, rot immunity, AC +4
a: Renounce Religion


You were in the Dungeon.
You worshipped Makhleb.
Makhleb was noncommittal.
You were not hungry.

You visited 1 branch

Inventory:

Hand Weapons
 a - a +0 quarterstaff
 p - a +0 lajatang (weapon)
Missiles
 d - 3 throwing nets (quivered)
Armour
 b - a +0 leather armour
 c - a +0 helmet (worn)
 q - a +0 pair of gloves (worn)
 r - a +0 cloak (worn)
 s - a +1 chain mail (worn)
Magical Staves
 o - an uncursed staff of energy
Jewellery
 t - a +3 ring of intelligence (left hand)
 u - a +3 ring of intelligence (right hand)
Wands
 n - a wand of lightning (7/15)
Scrolls
 k - 2 scrolls of blinking
 l - 3 scrolls of remove curse
 m - 2 scrolls of amnesia
Potions
 g - 2 potions of heal wounds
 h - 4 potions of curing
 i - 4 potions of magic
 j - a potion of berserk rage
Comestibles
 f - a bread ration


   Skills:
 + Level 7.2 Fighting
 * Level 9.6 Staves
 - Level 2.0 Throwing
 + Level 6.6 Armour
 - Level 3.2 Dodging


You had 5 spell levels left.
You didn't know any spells.

Dungeon Overview and Level Annotations

Branches:
Dungeon (1/1)

Altars:
Cheibriados
Dithmenos
Elyvilon
Fedhas
Gozag
Kikubaaqudgha
Makhleb
Nemelex Xobeh
Okawaru
Pakellas
Qazlal
Ru
Sif Muna
Trog
Vehumet
Xom
Yredelemnul
Zin
The Shining One
Beogh
Jiyva
Lugonu


Innate Abilities, Weirdness & Mutations

You are resistant to torment.
Your stone body is resilient (AC +4).
You are immune to poison.
You resist negative energy.
You are resistant to electric shocks.
You can survive without breathing.
You are immune to petrification.
You are immune to rotting.


Message History

The gargoyle barely misses you.
You barely miss the gargoyle.
The gargoyle is moderately damaged.
You slash the gargoyle!
The gargoyle is heavily damaged.
The gargoyle hurls a stone arrow at you.
The stone arrow hits you!
Ouch! That really hurt!
You slash the gargoyle!
The gargoyle is almost destroyed.
The gargoyle hits you but does no damage.
Your chain mail prevents you from hitting the gargoyle.
The gargoyle is almost destroyed.
The gargoyle hits you but does no damage.
You catch the helpless gargoyle completely off-guard!
You hit the gargoyle but do no damage.
The gargoyle is almost destroyed.
You flicker back into view.
The gargoyle hits you with a flail!
You die...

▓.▓
▓)▓
▓.▓
▓.▓
▓.▓
▓.▓
▓.▓
▓'▓
▓@▓
▓9▓
▓T▓
▓h▓
▓c▓
▓.▓
▓+▓


You could see a troll, a gargoyle, a centaur and a hound.

Vanquished Creatures
  A phantom (D)
  A centaur (D)
  A gnoll sergeant (D)
  A jelly (D)
  An adder (D)
  A dart slug (D)
  An orc (D)
  2 bats (D)
  A kobold (D)
  A goblin (D)
11 creatures vanquished.

Vanquished Creatures (others)
  An ogre (D)
1 creature vanquished.

Grand Total: 12 creatures vanquished

Notes
Turn   | Place    | Note
--------------------------------------------------------------
     0 | D        | rftp080 the Gargoyle Gladiator began the quest for the Orb.
     0 | D        | Reached XP level 1. HP: 12/12 MP: 1/1
    15 | D        | Reached XP level 2. HP: 14/18 MP: 2/2
    20 | D        | Noticed a phantom
    20 | D        | Noticed a centaur
    45 | D        | Killed a phantom
    45 | D        | Reached skill level 5 in Fighting
    45 | D        | Reached skill level 6 in Staves
    45 | D        | Reached XP level 3. HP: 10/26 MP: 3/3
    45 | D        | Reached XP level 4. HP: 12/31 MP: 4/4
    60 | D        | Killed a centaur
    60 | D        | Reached skill level 8 in Staves
    60 | D        | Reached skill level 5 in Armour
    60 | D        | Reached XP level 5. HP: 19/36 MP: 5/5
    75 | D        | Found a glowing silver altar of Zin.
    75 | D        | Found a glowing golden altar of the Shining One.
    75 | D        | Found an ancient bone altar of Kikubaaqudgha.
    75 | D        | Found a basalt altar of Yredelemnul.
    75 | D        | Found a shimmering altar of Xom.
    75 | D        | Found a radiant altar of Vehumet.
    76 | D        | Found an iron altar of Okawaru.
    77 | D        | Found a burning altar of Makhleb.
    78 | D        | Found a deep blue altar of Sif Muna.
    79 | D        | Found a bloodstained altar of Trog.
    80 | D        | Found a sparkling altar of Nemelex Xobeh.
    81 | D        | Found a white marble altar of Elyvilon.
    82 | D        | Found a roughly hewn altar of Beogh.
    83 | D        | Found a viscous altar of Jiyva.
    84 | D        | Found a corrupted altar of Lugonu.
    85 | D        | Became a worshipper of Makhleb the Destroyer
    86 | D        | Found a blossoming altar of Fedhas.
    87 | D        | Found a snail-covered altar of Cheibriados.
    88 | D        | Found a shadowy altar of Dithmenos.
    89 | D        | Found a stormy altar of Qazlal.
    90 | D        | Found an opulent altar of Gozag.
    91 | D        | Found a sacrificial altar of Ru.
    92 | D        | Found an oddly glowing altar of Pakellas.
   275 | D        | Noticed an ogre
   275 | D        | Noticed a gargoyle
   275 | D        | Noticed a troll
   275 | D        | Noticed a centaur
   285 | D        | Reached skill level 9 in Staves
   285 | D        | Reached XP level 6. HP: 43/44 MP: 6/6
   294 | D        | Slain by a gargoyle

Skill      XL: |  1  2  3  4  5 |
---------------+----------------+-----
Dodging        | 3 |  3.2
Throwing       | 2 |  2.0
Fighting       | 5 6 7 |  7.2
Staves         | 6 8 9 |  9.6
Armour         | 4 5 6 |  6.6

Action                   |  1- 3 |  4- 6 || total
-------------------------+-------+-------++-------
Melee: Quarterstaff      |    32 |    23 ||    55
       Lajatang          |       |    16 ||    16
  Use: Potion            |     2 |     2 ||     4
 Stab: Invisible         |       |     5 ||     5
Armor: Leather armour    |    11 |     4 ||    15
       Chain mail        |       |    10 ||    10
Dodge: Dodged            |    13 |    12 ||    25
